 Dungeon Crawl Stone Soup version 0.28.0 (webtiles) character file.

Game seed: 3254258503635035971

219661 browni3141 the Apostle (level 18, -5/174 HPs)
             Began as a Hill Orc Delver on Feb 6, 2022.
             Was a High Priest of Beogh.
             Slain by a quicksilver ooze (7 damage)
             ... created by the Royal Jelly
             ... on level 5 of the Pits of Slime on Feb 7, 2022.
             The game lasted 01:51:50 (51494 turns).

browni3141 the Apostle (Hill Orc Delver)           Turns: 51494, Time: 01:51:50

Health: -5/174     AC: 21    Str: 23    XL:     18   Next: 65%
Magic:  4/28       EV: 10    Int: 16    God:    Beogh [*****.]
Gold:   1761       SH: 27    Dex: 17    Spells: 17/17 levels left

rFire   + . .      SeeInvis .   W - +7 broad axe (vamp)
rCold   + . .      Faith    .   w - +2 tower shield
rNeg    + . .      Spirit   .   l - +0 acid dragon scales
rPois   .          Reflect  +   J - +2 helmet
rElec   +          Harm     +   Q - +0 cloak
rCorr   +          Rampage  +   j - +0 pair of gloves "Xyacwyiv" {Harm Rampage Regen+}
Will    ++...                   N - +2 pair of boots {Fly}
Stlth   ++........              z - amulet of the Suburbs {Reflect rF+ Dex+5 SH+5}
HPRegen 0.00/turn               p - ring "Iharchole" {rN+ Slay+2}
MPRegen 0.21/turn               Y - ring "Topewaf" {rElec rC+ Will+ Int+6}

@: flying, inhibited regen
A: walk on water, low MP 1, inhibited regeneration
}: 2/15 runes: decaying, serpentine
a: Renounce Religion, Smiting, Recall Orcish Followers, Give Item to Named
Follower


You were on level 5 of the Pits of Slime.
You worshipped Beogh.
Beogh was extremely pleased with you.
You visited 6 branches of the dungeon, and saw 36 of its levels.
You also visited: Bailey and Ice Cave.

You collected 3128 gold pieces.
You spent 1367 gold pieces at shops.

Inventory:

Hand Weapons
 W - a +7 vampiric broad axe (weapon)
Missiles
 n - a throwing net
 I - 9 curare-tipped darts
 L - 44 boomerangs
 M - 8 javelins (quivered)
Armour
 j - the +0 pair of gloves "Xyacwyiv" (worn) {Harm Rampage Regen+}
   (You found it on level 15 of the Dungeon)

   Regen:     It increases your rate of health regeneration.
   Harm:      It increases damage dealt and taken.
   Rampage:   It bestows one free step when moving towards enemies.
 l - +0 acid dragon scales (worn)
 w - a +2 tower shield (worn)
 G - +0 swamp dragon scales
 J - a +2 helmet (worn)
 N - a +2 pair of boots of flying (worn)
 Q - a +0 cloak (worn)
Jewellery
 p - the ring "Iharchole" (left hand) {rN+ Slay+2}
   (You found it on level 2 of the Dungeon)

   [ring of positive energy]

   Slay:      It affects your accuracy & damage with ranged weapons and melee
   (+2).
   rN:        It protects you from negative energy.
 z - the amulet of the Suburbs (around neck) {Reflect rF+ Dex+5 SH+5}
   (You took it off a kobold in a bailey)

   [amulet of reflection]

   It reflects blocked missile attacks.
   Dex:       It affects your dexterity (+5).
   rF:        It protects you from fire.
   SH:        It affects your SH (+5).
 A - a ring of see invisible
 P - a +6 ring of dexterity
 T - an amulet of magic regeneration
 U - a ring of willpower
 Y - the ring "Topewaf" (right hand) {rElec rC+ Will+ Int+6}
   (You found it on level 4 of the Snake Pit)

   [ring of intelligence]

   Int:       It affects your intelligence (+6).
   rC:        It protects you from cold.
   rElec:     It insulates you from electricity.
   Will:      It increases your willpower.
Wands
 a - a wand of acid (7)
 g - a wand of digging (29)
 i - a wand of polymorph (11)
 y - a wand of iceblast (7)
 V - a wand of charming (7)
 Z - a wand of flame (63)
Scrolls
 c - 5 scrolls of fog
 d - 2 scrolls of magic mapping
 e - 5 scrolls of fear
 f - 4 scrolls of immolation
 k - 3 scrolls of summoning
 m - 6 scrolls of noise
 r - 4 scrolls of holy word
 B - 10 scrolls of teleportation
 F - 2 scrolls of vulnerability
 K - a scroll of blinking
 O - a scroll of silence
Potions
 h - a potion of degeneration
 o - 6 potions of curing
 s - 2 potions of mutation
 u - 4 potions of berserk rage
 x - a potion of lignification
 C - 6 potions of flight
 D - 2 potions of brilliance
 E - 3 potions of attraction
 H - a potion of resistance
 R - 2 potions of magic
 S - 3 potions of invisibility
 X - a potion of might
Miscellaneous
 b - a condenser vane (inert)


   Skills:
 * Level 18.8 Fighting
 - Level 18.0 Axes
 - Level 5.0 Throwing
 * Level 15.9 Armour
 - Level 1.5 Dodging
 - Level 4.1 Stealth
 * Level 15.9 Shields
 * Level 20.0 Invocations


You had 17 spell levels left.
You didn't know any spells.
Your spell library contained the following spells:

 Spells                   Type           Power      Damage    Failure   Level
 Beastly Appendage        Tmut           0%         N/A       67%         1
 Magic Dart               Conj           0%         1d3       67%         1
 Pain                     Necr           0%         1d4       67%         1
 Call Imp                 Summ           0%         N/A       82%         2
 Corpse Rot               Necr/Air       0%         N/A       82%         2
 Ensorcelled Hibernation  Hex/Ice        0%         N/A       82%         2
 Passwall                 Tmut/Erth      0%         N/A       82%         2
 Poisonous Vapours        Pois/Air       0%         N/A       82%         2
 Static Discharge         Conj/Air       0%         N/A       82%         2
 Sublimation of Blood     Necr           0%         N/A       82%         2
 Wereblood                Tmut           0%         N/A       82%         2
 Inner Flame              Hex/Fire       0%         N/A       96%         3
 Mephitic Cloud           Conj/Pois/Air  0%         N/A       96%         3
 Spider Form              Tmut/Pois      0%         N/A       96%         3
 Stone Arrow              Conj/Erth      0%         3d7       96%         3
 Swiftness                Air            0%         N/A       96%         3
 Tukima's Dance           Hex            0%         N/A       96%         3
 Anguish                  Hex/Necr       0%         N/A       100%        4
 Cause Fear               Hex            0%         N/A       100%        4
 Fulminant Prism          Conj/Hex       0%         3d6       100%        4
 Iskenderun's Mystic Bla  Conj/Tloc      0%         2d3       100%        4
 Petrify                  Tmut/Erth      0%         N/A       100%        4
 Agony                    Necr           0%         N/A       100%        5
 Excruciating Wounds      Necr           0%         N/A       100%        5
 Lee's Rapid Deconstruct  Erth           0%         3d5*      100%        5
 Lightning Bolt           Conj/Air       0%         1d11      100%        5
 Dispersal                Tloc           0%         N/A       100%        6
 Enfeeble                 Hex            0%         N/A       100%        7
 Discord                  Hex            0%         N/A       100%        8
 Disjunction              Tloc           0%         N/A       100%        8
 Maxwell's Capacitive Co  Air            0%         ∞         100%        8


Dungeon Overview and Level Annotations

Branches:
Dungeon (15/15)            Temple (0/1) D:5            Lair (6/6) D:9
  Swamp (4/4) Lair:3        Snake (4/4) Lair:2        Slime (5/5) Lair:6
    Orc (2/2) D:10            Elf (0/3) Orc:2        Vaults (0/5) D:13
 Depths (0/4) D:15         Bailey (visited)           IceCv (visited)

Altars:
Ashenzari
Cheibriados
Dithmenos
Fedhas
Nemelex Xobeh
Ru
Sif Muna
Uskayaw
Vehumet
Wu Jian
Yredelemnul
Zin
The Shining One
Beogh
Jiyva

Shops:
Orc:1 !   Orc:2 :*=:!   Snake:1 (

Annotations:
D:8 exclusion: downstairs
Lair:5 exclusion: downstairs


Innate Abilities, Weirdness & Mutations

You can walk on water.
Your magical capacity is low. (-10% MP)
You do not regenerate when monsters are visible.


Message History

Unknown command.
Unknown command.
Blink to where?
Press: ? - help, Dir - move target
As you read the scroll of blinking, it crumbles to dust.
The azure jelly jiggles.
Unknown command.
Unknown command.
Aiming: Smiting
Press: ? - help, Dir - move target, f - Royal Jelly Smite: the Royal Jelly (almost dead, weak-willed)
You smite the Royal Jelly!!
The Royal Jelly is almost dead.
The quicksilver ooze quivers. x2
The Royal Jelly shudders violently.
The Royal Jelly spits out four more jellies.
The quicksilver ooze jiggles.
Unknown command.
Unknown command.
Aiming: Smiting
Press: ? - help, Dir - move target, f/p - Royal Jelly Smite: the Royal Jelly (almost dead, weak-willed)
You smite the Royal Jelly!!
You kill the Royal Jelly!
Beogh accepts your kill.
You feel a strange vibration for a moment.
With an infernal noise, the power ruling this place vanishes!
You block the quicksilver ooze's attack.
The quicksilver ooze hits you.
* * * LOW HITPOINT WARNING * * *
You feel your power leaking away.
The quicksilver ooze jiggles.
The azure jelly hits you.
* * * LOW HITPOINT WARNING * * *
The azure jelly freezes you! You resist.
* * * LOW HITPOINT WARNING * * *
The azure jelly barely misses you. You block the azure jelly's attack. x2
You block the quicksilver ooze's attack.
The quicksilver ooze hits you.
You die...

####...........##......##
###.......................##
###.......J..................##
#.........J...................#
#........JJJJJ..J.............#
#..........JJJJJJ.............#
.........JJJ....J.............###
...........JJ...JJ..........<..#.
......J.........@J...............
.....J...........................
.........(....J..................
....................[............
...........................JJ....
..........J.##...#...............
..........## ###.#####...........
.......J.###(##..##$###..........
.........##?$$#)##?!:##..........


You could see 5 acid blobs, 8 azure jellies, 3 rockslimes and 9 quicksilver
oozes.

Vanquished Creatures
  the Royal Jelly (Slime:5)
  6 acid blobs
  A fire giant (D:15)
  7 rockslimes
  A nagaraja (Snake:4)
  A fenstrider witch (Swamp:3)
  5 azure jellies
  A hydra zombie (Swamp:4)
  2 quicksilver oozes (Slime:5)
  An eleionoma (Swamp:2)
  4 bunyips
  2 boulder beetles
  2 salamander tyrants
  An ice dragon (D:13)
  6 hydras
  3 centaur warriors
  4 naga warriors
  2 death knights
  5 anacondas (Snake:1)
  3 two-headed ogres
  6 alligators
  7 naga sharpshooters
  A spriggan (Swamp:3)
  3 shock serpents
  An orc high priest (Orc:2)
  Sonja (Lair:1)
  2 salamander mystics
  A skeletal warrior (D:9)
  3 goliath frogs
  3 sea snakes
  3 naga ritualists
  4 swamp dragons
  3 bog bodies (Swamp:2)
  3 salamanders
  2 shining eyes
  2 deep elf pyromancers
  5 mana vipers
  6 cyclopes
  A will-o-the-wisp (Swamp:1)
  A manticore (Lair:6)
  2 orc knights
  An orc sorcerer (Orc:2)
  6 ugly things
  2 elephants (Lair:4)
  A guardian serpent (Snake:4)
  3 naga magi
  12 black mambas
  A gargoyle (D:13)
  7 cane toads
  2 storm dragon simulacra (IceCv)
  3 rime drakes (Lair:6)
  A tengu conjurer (D:13)
  5 komodo dragons
  4 trolls
  A polar bear (Lair:4)
  2 tyrant leeches
  3 hornets
  A blink frog (shapeshifter) (D:14)
  23 slime creatures
  A dream sheep (Lair:6)
  A shadow (D:10)
  A jumping spider (shapeshifter) (D:13)
  6 yaks
  7 wraiths
  A vampire (D:11)
  3 wyverns
  2 water elementals (D:14)
  5 basilisks
  A hog (D:14)
  A steam dragon (D:7)
  7 swamp worms
  A warg (Orc:2)
  12 water moccasins
  16 nagas
  Duvessa (D:6)
  An acid dragon (D:13)
  17 orc warriors
  4 swamp drakes
  A swamp dragon zombie (Swamp:4)
  A black bear (D:7)
  8 ogres
  6 wolves
  A boggart (Lair:4)
  11 centaurs
  3 kobold brigands
  2 bullfrogs
  A gnoll sergeant (D:10)
  A water moccasin zombie (D:9)
  A scorpion (D:6)
  Dowan (D:6)
  4 lindwurm simulacra (IceCv)
  A vampire bat (D:4)
  2 wights (D:10)
  A howler monkey (D:11)
  3 electric eels (D:14)
  2 centaur zombies (D:9)
  A bullfrog zombie (D:6)
  3 hounds (D:9)
  3 jellies
  2 orc priests
  A centaur skeleton (D:4)
  5 iguanas
  Natasha (twice) (D:2)
  A gnoll shaman (Orc:1)
  7 orc wizards
  A scorpion zombie (D:5)
  A killer bee zombie (D:7)
  A hound skeleton (D:5)
  11 gnolls
  8 adders
  A shadow imp (D:7)
  An ufetubus (D:5)
  3 worms
  3 dart slugs
  3 fire bats (D:4)
  28 orcs
  2 spectral bats (D:4)
  2 bat skeletons (D:4)
  A bat zombie (D:4)
  7 endoplasms
  5 giant cockroaches
  8 goblins
  8 hobgoblins
  2 jackals (D:1)
  4 quokkas
  4 ball pythons
  6 bats
  A bat simulacrum (D:4)
  4 frilled lizards
  26 kobolds
  6 rats
  2 briar patches (Swamp:4)
508 creatures vanquished.

Vanquished Creatures (collateral kills)
  Vashnia (Snake:4)
  17 acid blobs
  2 thorn hunters
  Kirke (D:14)
  A fenstrider witch (Swamp:3)
  16 nagarajas (Snake:4)
  13 rockslimes
  4 azure jellies (Slime:5)
  5 quicksilver oozes (Slime:5)
  2 vampire knights
  3 eleionomae
  3 bunyips (Swamp:3)
  The ghost of Hiywul the Fighter, a journeyman MiHu of Trog (Lair:4)
  An ettin (Orc:1)
  Josephine (Orc:1)
  3 shambling mangroves (Swamp:4)
  3 great orbs of eyes
  17 naga warriors
  5 catoblepae
  3 salamander tyrants (Snake:4)
  26 hydras
  A ghost crab (Swamp:3)
  A boulder beetle (D:13)
  2 death knights (D:13)
  6 anacondas
  A two-headed ogre (D:13)
  2 centaur warriors
  5 alligators
  A vampire mage (Swamp:1)
  An orc high priest (Orc:1)
  3 shock serpents
  Urug (Lair:1)
  3 death yaks (Lair:6)
  11 naga sharpshooters
  A spriggan berserker (Swamp:3)
  2 salamander mystics
  6 sea snakes
  4 goliath frogs
  5 spriggan druids
  2 bog bodies
  4 naga ritualists
  3 spectral hydras (Swamp:4)
  A flayed ghost (Swamp:4)
  9 swamp dragons
  A phantasmal warrior (Swamp:4)
  A lindwurm (Lair:6)
  A will-o-the-wisp (Swamp:2)
  A mana viper (Snake:2)
  3 oklob plants (Swamp:4)
  An ugly thing (D:12)
  2 cyclopes
  4 shining eyes (Slime:5)
  3 orc knights (Orc:2)
  2 manticores
  2 orc sorcerers (Orc:2)
  3 centaur zombies
  14 salamanders
  12 elephants
  2 torpor snails (Lair:6)
  4 guardian serpents
  A gargoyle (D:13)
  20 black mambas
  9 cane toads
  9 naga magi
  A guardian serpent (shapeshifter) (D:13)
  2 rime drakes
  A kobold demonologist (D:13)
  3 komodo dragons
  An efreet (D:13)
  2 death drake zombies (Swamp:4)
  A hydra zombie (Swamp:4)
  8 tyrant leeches
  A hydra skeleton (Swamp:4)
  10 hornets
  A polar bear (Lair:6)
  25 slime creatures
  7 dream sheep (Lair:6)
  A death drake skeleton (Swamp:4)
  A vampire (D:12)
  A water elemental (D:14)
  3 wraiths
  7 spriggans
  4 hogs (D:14)
  15 yaks
  A hog (shapeshifter) (D:13)
  5 wyverns
  7 basilisks
  A steam dragon (shapeshifter) (D:13)
  3 vampire mosquitoes (Swamp:1)
  32 nagas
  10 swamp worms
  3 hydra simulacra (Swamp:4)
  An acid dragon (D:11)
  13 water moccasins
  2 swamp dragon zombies (Swamp:4)
  7 swamp drakes
  5 orc warriors
  2 wolves
  An ogre (Orc:1)
  2 centaurs (D:13)
  A swamp dragon skeleton (Swamp:4)
  10 bullfrogs
  A scorpion (Lair:3)
  A howler monkey (D:11)
  3 wights (D:10)
  3 electric eels
  4 orc priests (Orc:2)
  An iguana (Lair:3)
  3 orc wizards
  A gnoll (D:10)
  9 orcs
  A briar patch (Swamp:4)
526 creatures vanquished.

Vanquished Creatures (others)
  7 orc warlords
  An orc high priest (Snake:1)
  3 orc knights
  An orc sorcerer (Snake:3)
  A spriggan druid (Swamp:3)
  A swamp worm (Swamp:1)
  A naga (Snake:1)
  11 orc warriors
  An ogre (D:4)
  5 orc priests
  6 orc wizards
  4 bats (D:4)
  22 orcs
  A bat skeleton (D:4)
  A goblin (D:4)
  4 foxfires
  43 fungi
  86 plants
199 creatures vanquished.

Grand Total: 1233 creatures vanquished

Notes
Turn   | Place    | Note
-------+----------+-------------------------------------------
     0 | D:5      | browni3141 the Hill Orc Delver began the quest for the Orb.
     0 | D:5      | Reached XP level 1. HP: 19/19 MP: 1/1
     9 | D:6      | Noticed Duvessa
     9 | D:6      | Noticed Dowan
    30 | D:4      | Noticed an iguana
    33 | D:4      | Noticed an ogre
   434 | D:1      | Reached XP level 2. HP: 22/27 MP: 2/2
   864 | D:1      | Found a faded altar of an unknown god.
  1015 | D:1      | Reached XP level 3. HP: 18/34 MP: 3/3
  1655 | D:2      | Noticed Natasha
  1671 | D:2      | Killed Natasha
  1672 | D:2      | Reached XP level 4. HP: 25/41 MP: 4/4
  1902 | D:2      | Identified the ring "Iharchole" {rN+ Slay+2}
  1928 | D:2      | Noticed Natasha
  2001 | D:2      | Reached skill level 5 in Axes
  2201 | D:2      | Killed Natasha
  2202 | D:2      | Reached skill level 5 in Fighting
  2606 | D:2      | Reached XP level 5. HP: 42/48 MP: 5/5
  2955 | D:3      | Found a shadowy altar of Dithmenos.
  3078 | D:3      | Noticed a centaur
  3090 | D:3      | Killed a centaur
  3237 | D:3      | Found a broken altar of Ashenzari.
  3237 | D:3      | Found a blossoming altar of Fedhas.
  3699 | D:4      | Reached XP level 6. HP: 49/56 MP: 6/6
  3806 | D:4      | Noticed an orc warrior
  3808 | D:4      | Became a worshipper of Beogh the Brigand
  4489 | D:4      | Noticed a +0 dagger
  4493 | D:4      | Noticed a +0 falchion
  4494 | D:4      | Noticed a +0 falchion
  4495 | D:4      | Noticed a +0 spear
  4495 | D:4      | Noticed a +0 dagger
  4496 | D:4      | Noticed a +0 spear
  4496 | D:4      | Noticed a +0 short sword
  4496 | D:4      | Noticed a +0 short sword
  4509 | D:4      | Found a hide-covered altar of Uskayaw.
  4782 | D:4      | You fall into a shaft and drop 2 floors!
  4790 | D:6      | Found a glowing golden altar of the Shining One.
  4831 | D:6      | Reached skill level 1 in Throwing
  5006 | D:6      | Reached * piety under Beogh
  5020 | D:6      | Reached XP level 7. HP: 21/61 MP: 7/7
  5521 | D:6      | Found a radiant altar of Vehumet.
  5592 | D:6      | Killed Duvessa
  5634 | D:6      | Killed Dowan
  5896 | D:6      | Identified the +1 chain mail of the Kangaroo {Harm rPois
                  | rF-}
  6163 | D:6      | Reached XP level 8. HP: 57/68 MP: 8/8
  6378 | D:6      | Found a sacrificial altar of Ru.
  6556 | D:6      | Reached skill level 10 in Axes
  7333 | D:5      | Found a staircase to the Ecumenical Temple.
  7487 | D:5      | Reached skill level 5 in Throwing
  7557 | D:5      | Reached skill level 1 in Armour
  7563 | D:5      | Reached skill level 1 in Invocations
  7712 | D:5      | Found a sparkling altar of Nemelex Xobeh.
  8305 | D:7      | Reached skill level 3 in Invocations
  8742 | D:7      | Reached skill level 4 in Invocations
  8897 | D:7      | Noticed an angel
  8898 | D:7      | Found a glowing silver altar of Zin.
  9242 | D:7      | Reached XP level 9. HP: 71/74 MP: 12/12
  9383 | D:7      | Reached skill level 5 in Invocations
  9661 | D:7      | Reached skill level 1 in Shields
  9968 | D:8      | Found a flagged portal.
  9984 | D:8      | Reached ** piety under Beogh
 10012 | Bailey   | Entered a bailey
 10072 | Bailey   | Reached skill level 5 in Armour
 10436 | Bailey   | Identified the amulet of the Suburbs {Reflect rF+ Dex+5
                  | SH+5}
 10604 | Bailey   | Reached skill level 5 in Shields
 11464 | D:8      | Identified the +5 scale mail "Uxawy" {Contam +Inv rC-
                  | rN+++}
 11853 | D:9      | Reached *** piety under Beogh
 11861 | D:9      | Noticed a hornet
 11866 | D:9      | Killed a hornet
 11867 | D:9      | Reached XP level 10. HP: 64/81 MP: 13/13
 12094 | D:9      | Noticed a death knight
 12499 | D:9      | Noticed a skeletal warrior
 12520 | D:9      | Found a staircase to the Lair.
 12688 | D:9      | Killed a death knight
 12689 | D:9      | Reached skill level 6 in Invocations
 12952 | D:9      | Reached skill level 7 in Invocations
 13227 | D:9      | Killed a skeletal warrior
 13228 | D:9      | Reached skill level 8 in Invocations
 13375 | D:9      | Reached skill level 9 in Invocations
 13512 | D:10     | Entered Level 10 of the Dungeon
 13647 | D:10     | Found a staircase to the Orcish Mines.
 13654 | D:10     | Reached skill level 10 in Invocations
 13845 | D:10     | Noticed a two-headed ogre
 13886 | D:10     | Found a snail-covered altar of Cheibriados.
 13903 | D:10     | Reached XP level 11. HP: 89/89 MP: 18/18
 14284 | Orc:1    | Entered Level 1 of the Orcish Mines
 14351 | Orc:1    | Found Plog's Distillery.
 14502 | Orc:1    | Noticed Josephine
 14514 | Orc:1    | Killed Josephine
 14649 | Orc:1    | Noticed an ettin
 14655 | Orc:1    | Killed an ettin
 14834 | Orc:2    | Entered Level 2 of the Orcish Mines
 14842 | Orc:2    | Noticed an orc knight
 14843 | Orc:2    | Reached **** piety under Beogh
 14851 | Orc:2    | Killed an orc knight
 14852 | Orc:2    | Reached skill level 10 in Fighting
 14860 | Orc:2    | Noticed an orc knight
 14862 | Orc:2    | Noticed an orc high priest
 14864 | Orc:2    | Noticed an orc sorcerer
 14866 | Orc:2    | Noticed an orc knight
 14870 | Orc:2    | Noticed an orc high priest
 14874 | Orc:2    | Noticed a soul eater
 15038 | Lair:1   | Entered Level 1 of the Lair of Beasts
 15229 | Lair:1   | Noticed Urug
 15246 | Lair:1   | Killed Urug
 15247 | Lair:1   | Reached skill level 15 in Axes
 16351 | Lair:1   | Got the Disquisition on Dusty Evil Arts
 16435 | Lair:1   | Noticed Sonja
 16440 | Lair:1   | Killed Sonja
 16818 | Lair:2   | Identified the +9 quarterstaff of Davvuaga {venom, rF++
                  | Int+3}
 16869 | Lair:2   | Noticed a five-headed hydra
 16878 | Lair:2   | Killed a five-headed hydra
 16879 | Lair:2   | Reached XP level 12. HP: 54/106 MP: 19/19
 17382 | Lair:2   | Noticed a seven-headed hydra
 17388 | Lair:2   | Killed a seven-headed hydra
 17443 | Lair:2   | Gained Olfik as an ally
 18015 | Lair:2   | Found a staircase to the Snake Pit.
 18191 | Lair:3   | Noticed a six-headed hydra
 18197 | Lair:3   | Killed a seven-headed hydra
 18493 | Lair:3   | Noticed an eight-headed hydra
 18505 | Lair:3   | Killed a ten-headed hydra
 19011 | Lair:3   | Noticed a seven-headed hydra
 19016 | Lair:3   | Killed a seven-headed hydra
 19096 | Lair:3   | Noticed an eight-headed hydra
 19101 | Lair:3   | Killed an eight-headed hydra
 19105 | Lair:3   | Found a staircase to the Swamp.
 19255 | Lair:3   | Gained Blodwig as an ally
 19837 | Lair:4   | Identified a scroll of acquirement
 19841 | Lair:4   | Acquired the +3 Elemental Staff {rElec rF++ rC++ AC+5}
 19841 | Lair:4   | Found the +3 Elemental Staff {rElec rF++ rC++ AC+5}
 20002 | Lair:4   | Found a runed translucent door.
 20020 | Lair:4   | Reached skill level 11 in Invocations
 20124 | Lair:4   | Reached ***** piety under Beogh
 20564 | Lair:4   | Identified the +7 spear of Sequestration {drain, Contam
                  | Dex+4 Stlth+}
 20565 | Lair:4   | Noticed Hiywul's ghost (journeyman MiHu)
 20582 | Lair:4   | Killed Hiywul's ghost
 20583 | Lair:4   | Reached XP level 13. HP: 91/116 MP: 21/21
 21731 | Lair:5   | Reached skill level 12 in Invocations
 22048 | Lair:6   | Entered Level 6 of the Lair of Beasts
 22710 | Lair:6   | Found a viscous altar of Jiyva.
 22710 | Lair:6   | Found a staircase to the Slime Pits.
 23178 | Lair:6   | Reached ****** piety under Beogh
 23206 | Lair:6   | Reached skill level 13 in Invocations
 23863 | Orc:1    | Reached XP level 14. HP: 61/127 MP: 20/23
 24207 | Orc:2    | Gained mutation: Your magical capacity is low. (-10% MP) [a
                  | neqoxec]
 24244 | Orc:2    | Found Dizemat's Distillery.
 24244 | Orc:2    | Found Lounyun's Assorted Antiques.
 24245 | Orc:2    | Found Anuorun's Book Emporium.
 24245 | Orc:2    | Found Olalybla's Jewellery Emporium.
 24403 | Orc:2    | Bought a scroll of identify for 36 gold pieces
 24447 | Orc:2    | Found a roughly hewn altar of Beogh.
 24459 | Orc:2    | Found a staircase to the Elven Halls.
 24598 | Orc:2    | Found Hufeigyl's Book Shop.
 25008 | Snake:1  | Entered Level 1 of the Snake Pit
 25213 | Snake:1  | Found a shimmering blue altar of Sif Muna.
 25597 | Snake:1  | Found a frozen archway.
 25615 | IceCv    | Entered an ice cave
 25621 | IceCv    | Reached skill level 14 in Invocations
 25822 | IceCv    | Reached skill level 10 in Armour
 25935 | IceCv    | Reached skill level 10 in Shields
 26189 | IceCv    | HP: 4/129 [ice dragon/blast of cold (49)]
 26325 | Snake:1  | HP: 6/129 [poisoned by a naga mage (bolt of poison)]
 27365 | Snake:1  | Identified the +2 spear of the Twelve Beasts {protect,
                  | rPois rN+ Str-5 SInv}
 27829 | Snake:1  | Found Aski Duo's Weapon Emporium.
 29297 | Snake:2  | Reached XP level 15. HP: 137/138 MP: 23/23
 29622 | Snake:2  | Reached skill level 15 in Invocations
 31610 | Snake:3  | Gained Boruk as an ally
 32035 | Snake:4  | Entered Level 4 of the Snake Pit
 32234 | Snake:4  | Noticed a nagaraja
 32234 | Snake:4  | Noticed a nagaraja
 32241 | Snake:4  | Killed a nagaraja
 32242 | Snake:4  | Reached skill level 15 in Fighting
 32379 | Snake:4  | Killed a nagaraja
 32389 | Snake:4  | Noticed a nagaraja
 32398 | Snake:4  | Killed a nagaraja
 32706 | Snake:4  | Reached skill level 16 in Invocations
 32707 | Snake:4  | Identified the ring "Topewaf" {rElec rC+ Will+ Int+6}
 32865 | Snake:4  | Killed a nagaraja
 33094 | Snake:4  | Noticed Vashnia
 33111 | Snake:4  | Killed Vashnia
 33119 | Snake:4  | Gained Orik as an ally
 34239 | Snake:4  | Noticed a nagaraja
 34244 | Snake:4  | Reached XP level 16. HP: 149/149 MP: 25/25
 34248 | Snake:4  | Killed a nagaraja
 34254 | Snake:4  | Noticed a nagaraja
 34263 | Snake:4  | Killed a nagaraja
 34574 | Snake:4  | Noticed a nagaraja
 34578 | Snake:4  | Killed a nagaraja
 34591 | Snake:4  | Noticed a nagaraja
 34596 | Snake:4  | Noticed a nagaraja
 34599 | Snake:4  | Killed a nagaraja
 34603 | Snake:4  | Killed a nagaraja
 34920 | Snake:4  | Got a serpentine rune of Zot
 35038 | Snake:4  | Noticed a nagaraja
 35048 | Snake:4  | Killed a nagaraja
 35457 | Snake:4  | Noticed a nagaraja
 35463 | Snake:4  | Killed a nagaraja
 35469 | Snake:4  | Killed a nagaraja
 35478 | Snake:4  | Noticed a nagaraja
 35481 | Snake:4  | Noticed a nagaraja
 35486 | Snake:4  | Noticed a nagaraja
 35487 | Snake:4  | Killed a nagaraja
 35489 | Snake:4  | Noticed a nagaraja
 35490 | Snake:4  | Killed a nagaraja
 35865 | Snake:4  | Killed a nagaraja
 35865 | Snake:4  | Killed a nagaraja
 36121 | Snake:4  | Noticed a nagaraja
 36128 | Snake:4  | Killed a nagaraja
 36132 | Snake:4  | Reached skill level 17 in Invocations
 36345 | Swamp:1  | Entered Level 1 of the Swamp
 37030 | Snake:1  | Bought the +9 demon blade "Naasac" {drain, rPois} for 1331
                  | gold pieces
 39500 | Swamp:3  | Noticed a fenstrider witch
 39527 | Swamp:3  | Killed a fenstrider witch
 39605 | Swamp:3  | Noticed a fenstrider witch
 39615 | Swamp:3  | Killed a fenstrider witch
 39956 | Swamp:3  | Reached XP level 17. HP: 132/160 MP: 26/26
 40067 | Swamp:3  | HP: 7/161 [acid (9)]
 40077 | Swamp:3  | Reached skill level 18 in Invocations
 40077 | Swamp:3  | Your ally Boruk died
 41047 | Swamp:4  | Entered Level 4 of the Swamp
 41282 | Swamp:4  | Your ally Blodwig died
 41487 | Swamp:3  | Paralysed by a vampire knight for 7 turns
 42771 | Swamp:4  | Found a blossoming altar of Fedhas.
 42898 | Swamp:4  | Got a decaying rune of Zot
 42923 | Swamp:4  | Found a basalt altar of Yredelemnul.
 43362 | D:10     | Found an ornate altar of the Wu Jian Council.
 45362 | D:13     | Identified the ring of Soschiag {Ice Dex+4}
 45386 | D:13     | Identified the +7 rapier "Ogre's Bane" {speed, *Rage
                  | Will+++ MP-9 SInv}
 46080 | D:13     | Found a gate to the Vaults.
 46464 | D:14     | Noticed Kirke
 46470 | D:14     | Reached skill level 19 in Invocations
 46477 | D:14     | Killed Kirke
 46478 | D:14     | Reached skill level 15 in Shields
 46589 | D:14     | Reached skill level 15 in Armour
 47232 | D:15     | Entered Level 15 of the Dungeon
 47462 | D:15     | Reached XP level 18. HP: 165/172 MP: 28/28
 47556 | D:15     | Found a staircase to the Depths.
 47681 | D:15     | Identified the +0 pair of gloves "Xyacwyiv" {Harm Rampage
                  | Regen+}
 48531 | Slime:1  | Entered Level 1 of the Pits of Slime
 49141 | Slime:5  | Entered Level 5 of the Pits of Slime
 49500 | Slime:5  | Noticed the Royal Jelly
 49811 | Slime:5  | Found a viscous altar of Jiyva.
 50129 | Slime:5  | Gained mutation: You do not regenerate when monsters are
                  | visible. [a shining eye]
 50203 | Slime:5  | Your ally Boruk died
 50448 | Slime:5  | Your ally Boruk died
 50488 | Slime:5  | Your ally Orik died
 50502 | Slime:5  | Your ally Olfik died
 50821 | Slime:3  | Reached skill level 20 in Invocations
 51451 | Slime:5  | Your ally Orik died
 51494 | Slime:5  | Killed the Royal Jelly
 51494 | Slime:5  | HP: 2/174 [azure jelly[the Royal Jelly] (16)]
 51494 | Slime:5  | Slain by a quicksilver ooze

Illustrated notes

Levels and vault maps discovered:
D:1:      mushboom_english_gardens, layout_basic,
          hellmonk_ecumenical_altar_dog_temple, minmay_surrounded
D:2:      layout_loops_ring, nicolae_wormholes, uniq_natasha
D:3:      layout_loops_cross, nicolae_dithmenos_through_a_glass_darkly,
          mainiacjoe_overflow_divided_tiny, hex_tiny
D:4:      layout_layer_cave, nicolae_uskayaw_en_pointe, goddamned_bats
D:5:      layout_basic, nemelex_diamond_rough_becter,
          minmay_temple_entry_crystal_x
D:6:      layout_gridville, nicolae_vehumet_altar_sigil, kennysheep_little_box,
          old_standard_altar, uniq_duvessa
D:7:      layout_basic, zin_angel, nicolae_water_bricks
D:8:      layout_loops_ring, enter_bailey_3
D:9:      layout_gridville, erik_lair_island
D:10:     layout_basic, cheibriados_altar_1, mainiacjoe_overflow_boulevard,
          kennysheep_orc_monster_closet_entryway
D:11:     layout_cave_pools
D:12:     layout_basic, palyth_stone_intersect
D:13:     minmay_skewed_foursquare, layout_stronghold, david_vaults_4,
          minmay_mirror_moons_of_madness
D:14:     layout_basic, minmay_stone_trees_small, uniq_kirke
D:15:     grunt_enter_depths_giant_problem, layout_long_grid, minivault_24
Lair:1:   layout_loops_ring, serial_bayou_shore_a, uniq_sonja, uniq_urug
Lair:2:   layout_regular_city, minmay_snake_entry_guardpost_medium,
          serial_bayou_pond_b
Lair:3:   layout_loops_ring, palyth_hydra_swamp_entry, beast_lair_carwin_3,
          grunt_megastairs_4, lemuel_fruit_tree
Lair:4:   layout_cave_pods, ebering_ghost_funeral_grove
Lair:5:   layout_roguey, grunt_megastairs_3, infiniplex_staircase_pool
Lair:6:   hangedman_lair_in_review, layout_regular_city,
          dpeg_slime_entry_enclosed_altar, chequers_serial_rivers_micro_e,
          kennysheep_basilisk_garden
Swamp:1:  layout_basic_swamp, nicolae_swamp_tree_isthmus, swamp_pool2,
          cheibrodos_swamp_pet_leeches
Swamp:2:  layout_basic_swamp, nicolae_swamp_big_swirl, swamp_pool1,
          st_swamp_ruins_4
Swamp:3:  layout_basic_swamp, nicolae_swamp_very_dense_foliage, swamp_pool5
Swamp:4:  byrel_swamp_growth_death_and_undeath, layout_basic_swamp
Snake:1:  minmay_snake_river, layout_layer_cave,
          portal_ice_cave_entry_pillars_three, basic_altar, serial_shops,
          nicolae_shop_behind_doors, nicolae_snake_gridmaze_squiggle,
          nicolae_snake_gridmaze_zigzag
Snake:2:  layout_layer_cave, corexii_hall_statues_deadend
Snake:3:  layout_onion_interference
Snake:4:  grunt_snake_rune_spirals, layout_onion, drop_trap,
          serial_bayou_ford_a, uniq_vashnia
Slime:1:  layout_caves, cheibrodos_slime_lost_civilization_4
Slime:2:  layout_caves
Slime:3:  layout_caves, nicolae_slime_phagocytosis, uniq_dissolution
Slime:4:  layout_caves
Slime:5
Orc:1:    layout_caves, serial_shops, shop, uniq_josephine
Orc:2:    st_orc_elflike, layout_caves, serial_shops, nicolae_shop_behind_doors,
          gauntlet_entry_generic, basic_altar

Skill      XL: |  1  2  3  4  5  6  7  8  9 10 11 12 13 14 15 16 17 18 |
---------------+-------------------------------------------------------+-----
Fighting       | 4 5 6 10 11 12 14 15 16 18 | 18.8
Axes           | 3 4 5 7 8 9 10 12 14 16 18 | 18.0
Throwing       | 1 3 5 |  5.0
Armour         | 4 5 6 9 10 12 13 15 | 15.9
Invocations    | 4 5 10 11 13 14 16 17 19 20 | 20.0
Shields        | 5 6 9 10 12 13 15 | 15.9
Dodging        | |  1.5
Stealth        | |  4.1

Action                   |  1- 3 |  4- 6 |  7- 9 | 10-12 | 13-15 | 16-18 || total
-------------------------+-------+-------+-------+-------+-------+-------++-------
Melee: Hand axe          |   104 |   182 |   273 |       |       |       ||   559
       Punch             |     1 |     1 |     3 |       |       |       ||     5
       War axe           |       |       |    64 |   113 |       |       ||   177
       Broad axe         |       |       |       |   218 |   634 |   779 ||  1631
Throw: Javelin           |       |     7 |    13 |    47 |    17 |    34 ||   118
       Dart              |       |     6 |    35 |       |       |       ||    41
       Boomerang         |       |       |    41 |    46 |       |     4 ||    91
       Stone             |       |       |     1 |     3 |       |       ||     4
Invok: Convert to Beogh  |       |     1 |       |       |       |       ||     1
       Smiting           |       |       |       |     3 |     4 |     2 ||     9
       Recall Orcish Fol |       |       |       |     7 |    12 |    35 ||    54
       Give Item to Name |       |       |       |     2 |       |     2 ||     4
       Resurrection      |       |       |       |       |     1 |     3 ||     4
Evoke: Wand              |       |       |    13 |     6 |     5 |       ||    24
       Condenser vane    |       |       |       |       |     2 |     1 ||     3
  Use: Potion            |     1 |       |     2 |       |     3 |    17 ||    23
       Scroll            |       |       |     1 |    18 |     5 |    28 ||    52
 Stab: Sleeping          |     6 |     7 |     3 |     3 |     3 |    11 ||    33
       Paralysed         |       |       |    14 |       |       |       ||    14
       Distracted        |       |       |       |     9 |    11 |     9 ||    29
       Held in net/web   |       |       |       |     1 |       |       ||     1
       Petrified         |       |       |       |       |       |     2 ||     2
Armor: Leather armour    |    35 |    62 |     5 |       |       |       ||   102
       Ring mail         |       |       |   100 |       |       |       ||   100
       Scale mail        |       |       |     9 |   213 |   306 |    40 ||   568
       Swamp dragon scal |       |       |       |       |       |   327 ||   327
       Acid dragon scale |       |       |       |       |       |    52 ||    52
Dodge: Dodged            |    68 |    89 |   153 |   139 |   187 |   195 ||   831
Block: Buckler           |       |       |    38 |   261 |   345 |       ||   644
       Reflection        |       |       |       |     7 |    38 |    65 ||   110
       Kite shield       |       |       |       |       |    17 |       ||    17
       Tower shield      |       |       |       |       |     4 |   992 ||   996
